Map: Paladino Terminal LE

Players

ZeratulsBud - Winner!

  • Race: Zerg Zerg
  • Spawn Location: 5:00

Musumeci

  • Race: Zerg Zerg
  • League: Diamond
  • Spawn Location: 9:00

VOD

Have the link to the VOD?

Description

Time

  • Played on: March 23, 2017, 6:07 p.m.
  • Length: 12:22
Show
View Real Time Build Order
Export as new Build Order

ZeratulsBud Zerg - Winner!

Build Orders: Hatch First 

Get SALT Encoding   

  12  0:01  Drone  
  13  0:13  Overlord  
  13  0:18  Drone  
  14  0:32  Drone x2  
  17  0:35  Drone  
  17  0:55  Hatchery  
  16  0:57  Drone  
  17  1:05  Extractor  
  16  1:13  Spawning Pool  
  15  1:18  Drone  
  15  1:19  Drone  
  15  1:25  Drone  
  18  1:30  Drone  
  19  1:40  Overlord  
  19  2:00  Queen  
  21  2:01  Drone  
  21  2:02  Zergling x2  
  21  2:07  Queen  
  25  2:13  Drone  
  25  2:14  Drone  
  27  2:18  Metabolic Boost  
  27  2:21  Drone  
  28  2:24  Drone  
  28  2:28  Drone  
  30  2:34  Drone  
  31  2:40  Drone  
  31  2:41  Queen  
  34  2:44  Drone  
  35  2:52  Drone  
  35  2:55  Drone  
  36  3:24  Overlord  
  36  3:25  Evolution Chamber  
  36  3:26  Baneling Nest  
  34  3:30  Drone x2  
  34  3:32  Hatchery, Spine Crawler, Drone  
  35  3:36  Drone  
  36  3:43  Zergling x6  
  36  3:45  Drone x2  
  36  3:47  Drone  
  42  3:51  Drone  
  42  3:53  Drone  
  44  4:05  Zerg Ground Armor Level 1  
  44  4:09  Baneling  
  44  4:22  Baneling x2  
  44  4:51  Drone x6  
  50  4:53  Overlord  
  50  4:55  Overlord  
  50  5:03  Overlord  
  50  5:04  Overlord x2  
  50  5:07  Queen, Extractor x2  
  49  5:16  Baneling x2  
  49  5:17  Zergling x2  
  49  5:18  Zergling x16  
  49  5:21  Hatchery  
  57  5:25  Drone x2  
  57  5:28  Drone, Roach Warren  
  58  5:29  Drone x3  
  59  5:53  Zergling x2  
  59  5:54  Zergling x12  
  63  6:02  Zergling x2  
  63  6:03  Zergling x10  
  67  6:11  Queen x3  
  67  6:12  Overlord x2  
  70  6:25  Baneling  
  70  6:26  Baneling  
  70  6:31  Zergling x6  
  70  6:32  Zergling x16  
  81  6:39  Extractor  
  80  6:40  Extractor  
  80  6:41  Spore Crawler  
  80  6:43  Zergling x6  
  81  6:50  Baneling x4  
  73  7:15  Zergling x2  
  73  7:16  Zergling x26  
  85  7:28  Zerg Missile Weapons Level 1  
  85  7:29  Lair  
  85  7:34  Drone x9  
  85  7:35  Drone  
  95  7:39  Spore Crawler  
  95  7:43  Drone x2  
  95  7:44  Drone, Spore Crawler  
  97  7:46  Spore Crawler  
  97  7:48  Spore Crawler  
  94  7:53  Spore Crawler  
  73  8:49  Spire  
  73  8:51  Drone  
  73  8:52  Drone x11  
  73  8:54  Baneling  
  73  8:55  Baneling x10  
  81  9:00  Drone  
  81  9:01  Drone x2  
  81  9:02  Spore Crawler  
  80  9:05  Queen x2, Spore Crawler  
  80  9:08  Pneumatized Carapace  
  77  9:46  Spore Crawler  
  77  9:49  Spore Crawler  
  75  10:04  Spore Crawler  
  75  10:05  Overlord x6  
  75  10:06  Overlord  
  74  10:22  Spine Crawler  
  74  10:23  Zerg Flyer Armor Level 1  
  74  10:24  Mutalisk x2  
  74  10:25  Mutalisk x16  
  100  10:54  Drone x2  
  101  11:04  Mutalisk x4  
  101  11:07  Zergling x2  
  101  11:08  Zergling x8  
  101  11:11  Overlord  
  114  11:24  Hatchery  
  114  11:25  Extractor  
  112  11:33  Mutalisk  
  112  11:34  Mutalisk x3  
  118  11:53  Zergling x2  
  117  11:54  Zergling x8  
  119  12:03  Drone  
  119  12:06  Drone x2  
Show
View Real Time Build Order
Export as new Build Order

Musumeci Zerg 

Build Orders: Hatch First 

Get SALT Encoding   

  12  0:00  Drone  
  13  0:09  Drone  
  14  0:19  Overlord  
  14  0:24  Extractor  
  14  0:25  Drone  
  15  0:39  Drone  
  15  0:40  Drone  
  17  0:57  Hatchery  
  16  1:00  Drone, Extractor  
  17  1:13  Spawning Pool  
  17  1:17  Drone  
  17  1:20  Extractor  
  17  1:23  Drone  
  17  1:26  Drone  
  17  1:32  Drone  
  19  1:38  Drone  
  20  1:49  Overlord  
  20  1:59  Queen  
  22  2:08  Queen  
  22  2:10  Zergling x2  
  25  2:22  Drone x2, Metabolic Boost  
  27  2:24  Drone  
  27  2:25  Drone  
  29  2:31  Drone  
  30  2:38  Queen  
  32  2:45  Baneling Nest  
  30  3:08  Zergling x4  
  30  3:11  Zergling x4  
  34  3:13  Drone x2  
  34  3:14  Overlord  
  36  3:31  Baneling x2  
  36  3:35  Drone x6  
  36  3:40  Drone  
  43  3:41  Drone  
  43  3:46  Baneling  
  43  3:47  Baneling  
  44  3:51  Overlord  
  44  4:08  Overlord x2  
  44  4:18  Overlord  
  44  4:19  Overlord  
  44  4:22  Hatchery  
  43  4:33  Drone  
  43  4:34  Drone x9  
  52  5:02  Extractor  
  52  5:03  Extractor  
  52  5:04  Lair  
  52  5:05  Extractor  
  49  5:08  Drone x6  
  49  5:11  Roach Warren  
  53  5:32  Zergling x4  
  53  5:48  Zergling x6  
  53  5:49  Zergling x14  
  56  6:06  Spire  
  54  6:31  Zergling x26  
  65  6:38  Baneling x3  
  65  6:39  Baneling  
  65  6:40  Queen  
  65  6:43  Queen  
  53  7:19  Mutalisk x9  
  73  7:24  Overlord x2  
  73  7:29  Evolution Chamber  
  68  7:30  Evolution Chamber  
  68  7:35  Evolution Chamber  
  66  7:37  Mutalisk  
  69  7:45  Evolution Chamber  
  68  7:52  Baneling x6  
  71  8:00  Mutalisk x2  
  75  8:09  Zergling x18  
  84  8:25  Hatchery  
  78  8:29  Mutalisk  
  78  8:30  Mutalisk x2  
  53  8:52  Drone x6  
  54  9:05  Drone x2  
  54  9:06  Queen x2  
  60  9:15  Zergling x2  
  60  9:16  Zergling x2  
  62  9:24  Evolution Chamber  
  62  9:25  Evolution Chamber  
  62  9:30  Evolution Chamber  
  59  9:42  Zergling x6  
  59  9:43  Zergling x4  
  58  10:01  Zergling x12  
  50  10:52  Zergling x18  
  57  11:14  Mutalisk x3  
  57  11:17  Spore Crawler  
  62  11:20  Spore Crawler x2  
  62  11:22  Spore Crawler  
  62  11:23  Spore Crawler  
  58  11:27  Spore Crawler  
  58  11:28  Spore Crawler  
  52  11:55  Baneling x2  
Tags
 
Add a new tag
Caveats
  • Supply blocks, unpowered buildings, or Contaminate may cause inaccurate times.
  • Supply counts are checked every 10 seconds.